 Dungeon Crawl Stone Soup version 0.29.0-11-gd7f09526c8 (webtiles) character file.

Game seed: 12767735359207456587

317 sanka the Insei (level 6, -2/50 HPs)
             Began as a Demigod Delver on Sept 6, 2022.
             Splashed by a jelly's acid (11 damage)
             ... on level 5 of the Dungeon.
             The game lasted 00:06:08 (5838 turns).

sanka the Insei (Demigod Delver)                    Turns: 5838, Time: 00:06:08

Health: -2/50      AC:  0    Str: 13    XL:     6   Next: 0%
Magic:  8/8        EV: 11    Int: 20    God:
Gold:   267        SH:  0    Dex: 15    Spells: 5/5 levels left

rFire   . . .      SeeInvis .     - Unarmed
rCold   . . .      Faith    .   (no shield)
rNeg    . . .      Spirit   .   a - +0 leather armour
rPois   .          Reflect  .   (no helmet)
rElec   .          Harm     .   h - +0 cloak
rCorr   .          Rampage  .   (no gloves)
Will    .....                   (no boots)
Stlth   +++.......              (no amulet)
HPRegen 0.16/turn               (no ring)
MPRegen 0.11/turn               (no ring)

@: corroded
A: high MP 1, forlorn, divine attributes
a: no special abilities


You were on level 5 of the Dungeon.
You visited 1 branch of the dungeon, and saw 5 of its levels.

You collected 267 gold pieces.


Innate Abilities, Weirdness & Mutations

You have an increased reservoir of magic. (+10% MP)
You shall have no god before yourself.
Your divine heritage dramatically boosts your attributes as you level up.


   Skills:
 - Level 2.6 Fighting
 - Level 1.7 Dodging
 - Level 4.5 Stealth
 + Level 6.0 Unarmed Combat


You had 5 spell levels left.
You didn't know any spells.
Your spell library contained the following spells:

 Spells                   Type           Power      Damage    Failure   Level
 Apportation              Tloc           0%         N/A       24%         1
 Necrotise                Necr           0%         1d4       24%         1
 Summon Small Mammal      Summ           0%         N/A       24%         1
 Ozocubu's Armour         Ice            0%         N/A       58%         3
 Metabolic Englaciation   Hex/Ice        0%         N/A       100%        5
 Simulacrum               Ice/Necr       0%         N/A       100%        6

Inventory:

Armour
 a - a +0 leather armour (worn)
 h - a +0 cloak (worn)
Wands
 f - a wand of digging (3)
Scrolls
 b - 2 scrolls of fog
 c - a scroll of magic mapping
 g - 5 scrolls of identify {unknown}
 j - a scroll of acquirement {unknown}
 l - a scroll of blinking {unknown}
 m - a scroll of enchant weapon {unknown}
 n - a scroll of amnesia {unknown}
 o - 2 scrolls of immolation {unknown}
 q - a scroll of teleportation {unknown}
 r - a scroll of summoning {unknown}
 s - a scroll of fear
 t - 4 scrolls of poison {unknown}
 w - a scroll of enchant armour {unknown}
Potions
 d - 2 potions of attraction {unknown}
 e - 3 potions of heal wounds {@q2}
 i - 3 potions of curing {@q1}
 k - 2 potions of degeneration {unknown}
 p - a potion of magic {unknown}
 u - a potion of haste {@q3}
 v - a potion of lignification {unknown}

Dungeon Overview and Level Annotations

Branches:
Dungeon (5/15)
 Temple: D:4-7

Annotations:
D:2 Robin

▒▒▒▒▒...▒ ▒...▒ ▒.........▒▒▒▒
▒.......▒+▒...▒▒ ▒.........'...
▒..............▒▒▒....▒....▒▒▒▒
▒.....................▒▒▒'▒)...
▒.....................▒▒▒.▒.▒▒▒
▒............▒▒........)..▒.▒▒▒
▒▒▒......£▒+▒.▒▒▒▒.▒▒▒▒...<.▒....
...............▒▒...▒ ▒.....▒▒▒▒▒
....▒▒▒▒....▒..Jp._.▒▒........ ..
▒.......▒▒...)...▒▒▒▒▒▒▒
▒........▒▒▒.....▒ ▒....▒..▒▒
..▒... ▒▒▒▒▒▒.... ...... ......
...... ....▒......... ....▒....
.... .....▒....


You could see a jelly.


Message History

Increase (s)trength, (i)ntelligence, or (d)exterity?
You feel clever.
You feel clever.
You feel clever.
You feel clever.
Unknown command.
You hit the jelly.
Your hands burn!
The jelly is lightly wounded.
The jelly closely misses you.
You hit the jelly. The acid corrodes you!
Your hands burn!
The jelly is heavily wounded.
The jelly barely misses you.
Unknown command.
You hit the jelly.
Your hands burn!
* * * LOW HITPOINT WARNING * * *
The jelly is severely wounded.
The jelly hits you.
* * * LOW HITPOINT WARNING * * *
You are splashed with acid!
* * * LOW HITPOINT WARNING * * *
You barely miss the jelly.
The jelly is severely wounded.
The jelly hits you.
* * * LOW HITPOINT WARNING * * *
You are splashed with acid!
You die...

Action                   |  1- 3 |  4- 6 || total
-------------------------+-------+-------++-------
Melee: Unarmed           |   172 |   217 ||   389
       Punch             |     5 |     6 ||    11
  Use: Potion            |     1 |     4 ||     5
       Scroll            |     1 |       ||     1
 Stab: Sleeping          |    10 |     6 ||    16
Armor: Leather armour    |    45 |    45 ||    90
Dodge: Dodged            |    72 |   106 ||   178

Levels and vault maps discovered:
D:1:      onia_arrival_pentagram, layout_basic
D:2:      layout_loops_cross, shapermc_ecumenical_altar_pompeii,
          minmay_tromino_v4_b, uniq_robin
D:3:      layout_basic, mainiacjoe_overflow_six_doors_small,
          hangedman_abyss_or_decor_stabs
D:4:      layout_loops_ring, lemuel_doored_altar, mainiacjoe_overflow_alcove_4,
          pdpol_wu_jian_five_deadly_venoms, solitary_fountain
D:5:      layout_basic, trog_three_pillars_becter, enter_ossuary_1

Notes
Turn   | Place    | Note
-------+----------+-------------------------------------------
     0 | D:5      | sanka the Demigod Delver began the quest for the Orb.
     0 | D:5      | Reached XP level 1. HP: 18/18 MP: 3/3
     2 | D:5      | Noticed an orc wizard
    60 | D:4      | Noticed an orc wizard
    83 | D:3      | Reached skill level 2 in Unarmed Combat
   462 | D:2      | Reached XP level 2. HP: 11/25 MP: 4/4
   685 | D:2      | Reached skill level 3 in Unarmed Combat
   943 | D:2      | HP: 1/25 [worm (10)]
  1604 | D:1      | Reached XP level 3. HP: 22/30 MP: 5/5
  2766 | D:2      | Reached skill level 4 in Unarmed Combat
  3015 | D:2      | Reached XP level 4. HP: 22/37 MP: 6/6
  3280 | D:2      | Noticed Robin
  4448 | D:4      | Reached skill level 5 in Unarmed Combat
  4448 | D:4      | Reached XP level 5. HP: 32/42 MP: 7/7
  5630 | D:5      | Reached skill level 6 in Unarmed Combat
  5835 | D:5      | Reached XP level 6. HP: 33/50 MP: 8/8
  5838 | D:5      | Splashed by a jelly's acid

Vanquished Creatures
  A scorpion (D:4)
  2 hounds (D:4)
  2 orc wizards
  5 adders
  3 worms (D:2)
  2 dart slugs
  12 orcs
  10 ball pythons
  7 endoplasms
  2 giant cockroaches (D:2)
  11 goblins
  5 hobgoblins
  2 jackals (D:1)
  4 kobolds
  3 quokkas
  4 bats
  2 frilled lizards (D:2)
  2 rats
79 creatures vanquished.
